 Dungeon Crawl Stone Soup version 0.21.1-1-g345015fe64 (webtiles) character file.

2501 Gargoyl the Chopper (level 9, -5/75 HPs)
             Began as a Centaur Abyssal Knight on July 4, 2018.
             Was an Elder of Lugonu.
             Slain by an orc warrior
             ... wielding a +0 long sword
              (18 damage)
             ... on level 7 of the Dungeon.
             The game lasted 00:10:42 (7406 turns).

Gargoyl the Chopper (Centaur Abyssal Knight)        Turns: 7406, Time: 00:10:43

Health: -5/75      AC: 12    Str: 17    XL:     9   Next: 28%
Magic:  13/13      EV: 10    Int: 11    God:    Lugonu [****..]
Gold:   456        SH:  0    Dex: 10    Spells: 8/8 levels left

rFire    . . .     SeeInvis .   a - +2 hand axe (venom)
rCold    . . .     Gourm    .   (no shield)
rNeg     . . .     Faith    .   x - +3 leather armour of the Ladybird {rPois}
rPois    +         Spirit   .   f - +1 helmet
rElec    .         Reflect  .   k - +0 cloak
rCorr    +         Harm     .   y - +0 pair of gloves
MR       .....                  (no barding)
Stlth    ..........             (no amulet)
HPRegen  0.22/turn              d - ring of resist corrosion
MPRegen  0.13/turn              (no ring)

@: very quick
A: large, hooves 3, deformed body, speed 2, tough skin 3
a: Depart the Abyss, Bend Space, Banish, Corrupt, Renounce Religion


You were on level 7 of the Dungeon.
You worshipped Lugonu.
Lugonu was greatly pleased with you.
You were not hungry.

You visited 1 branch of the dungeon, and saw 7 of its levels.
You visited the Abyss 1 time.

You collected 456 gold pieces.

Inventory:

Hand Weapons
 a - a +2 hand axe of venom (weapon)
 q - a +3 hand axe
Missiles
 s - 5 javelins (quivered)
Armour
 f - a +1 helmet (worn)
 k - a +0 cloak (worn)
 l - a +3 leather armour of fire resistance
 x - the +3 leather armour of the Ladybird (worn) {rPois}
   (You found it on level 7 of the Dungeon)

   It protects you from poison.
 y - a +0 pair of gloves (worn)
Jewellery
 d - a ring of resist corrosion (left hand)
 w - an uncursed ring of protection from cold {unknown}
 z - an uncursed ring of see invisible {unknown}
Wands
 h - a wand of digging (8)
 u - a wand of paralysis (26)
 v - a wand of enslavement (2)
Scrolls
 j - 2 scrolls of identify
 n - 2 scrolls of fear
Potions
 b - 2 potions of flight {unknown}
 e - a potion of cancellation {unknown}
 g - a potion of agility {unknown}
 i - a potion of might {unknown}
 m - 2 potions of curing {unknown}
 o - a potion of brilliance {unknown}
 p - a potion of heal wounds {unknown}
 r - a potion of haste {unknown}
Books
 t - a book of Minor Magic

   Spells                             Type                      Level
   a - Magic Dart                     Conjuration                  1
   b - Blink                          Translocation                2
   c - Call Imp                       Summoning                    2
   d - Slow                           Hexes                        2
   e - Conjure Flame                  Conjuration/Fire             3
   f - Mephitic Cloud                 Conjuration/Poison/Air       3
Comestibles
 c - 18 rations
 A - a chunk of flesh


   Skills:
 + Level 6.1 Fighting
 + Level 7.1 Axes
 + Level 0.5 Throwing
 * Level 4.2 Armour
 + Level 2.9 Dodging
 * Level 6.0 Invocations
 + Level 0.1 Evocations


You had 8 spell levels left.
You didn't know any spells.

Dungeon Overview and Level Annotations

Branches:
Dungeon (7/15)             Temple (0/1) D:5

Altars:
Makhleb
Trog
Uskayaw


Innate Abilities, Weirdness & Mutations

You have hooves in place of feet.
Armour fits poorly on your strangely shaped body.
You cover ground very quickly.
You have extremely tough skin. (AC +3)


Message History

The orc warrior looks as sick as possible!
You hit the orc.
The orc looks as sick as possible!
You kill the orc!
Lugonu accepts your kill.
The crimson imp hits you but does no damage.
You barely miss the crimson imp. Your kick misses the crimson imp.
The crimson imp is heavily wounded.
You hit the orc warrior.
The orc warrior looks as sick as possible!
The orc warrior hits you with a long sword!
* * * LOW HITPOINT WARNING * * *
The crimson imp barely misses you.
The crimson imp blinks!
Found 15 gold pieces.
An orc wizard comes into view. It is wielding a dagger.
Press: ? - help, Shift-Dir - straight line, f - orc warrior
Aim: an orc warrior, wielding a long sword and wearing a chain mail (severely wounded, poisoned, chance to defeat MR: 84%)
You fail to use your ability.
The orc warrior hits you with a long sword!!
You die...

..#........# ..#......<.#
..#........# ..#........#
..#........# ..#........#
###..##...###### ### #
###..##...##...##..#..#.
...........#...o@...[.$.
...(.......ยง............
........>..#()..........
#.##.##...##)))##....##.
####+####+##o### ....#
...# .... ....# ...#
....... ....# ...#
..>....... ....# ...#
..(........


You could see an orc warrior and an orc wizard.

Vanquished Creatures
  Pikel (D:5)
  A spriggan (D:7)
  2 slaves (D:5)
  An eye of draining (D:4)
  2 ice beasts
  2 ogres
  3 centaurs
  A scorpion (D:4)
  A howler monkey (D:4)
  4 crimson imps
  6 hounds
  A jelly (D:7)
  4 orc priests
  Ijyb (D:5)
  A centaur skeleton (D:7)
  8 orc wizards
  7 worker ants
  2 hound zombies (D:7)
  7 adders
  An adder skeleton (D:5)
  4 worms
  A dart slug (D:1)
  3 leopard geckos
  25 orcs
  A ball python (D:3)
  3 giant cockroaches
  10 goblins
  4 hobgoblins
  18 jackals
  4 kobolds
  3 quokkas
  8 bats
  7 frilled lizards
  A quokka skeleton (D:5)
  2 rats
150 creatures vanquished.

Vanquished Creatures (others)
  An orc wizard (D:7)
  An orc (D:5)
  4 toadstools (D:1)
6 creatures vanquished.

Grand Total: 156 creatures vanquished

Notes
Turn   | Place    | Note
-------+----------+-------------------------------------------
     0 | Abyss:1  | Gargoyl the Centaur Abyssal Knight began the quest for the Orb.
     0 | Abyss:1  | Reached XP level 1. HP: 19/19 MP: 2/2
    20 | Abyss:2  | Noticed a chaos spawn
    21 | D:1      | Escaped the Abyss
   150 | D:1      | Reached * piety under Lugonu
   244 | D:1      | Reached XP level 2. HP: 25/26 MP: 3/3
   876 | D:2      | Reached skill level 2 in Axes
  1095 | D:2      | Reached XP level 3. HP: 31/31 MP: 4/4
  1105 | D:2      | Found a burning altar of Makhleb.
  1634 | D:2      | Reached XP level 4. HP: 37/40 MP: 5/5
  1783 | D:2      | Reached ** piety under Lugonu
  3225 | D:4      | Reached XP level 5. HP: 25/46 MP: 7/7
  3226 | D:4      | Reached skill level 3 in Axes
  3226 | D:4      | Reached skill level 1 in Dodging
  3591 | D:4      | Reached XP level 6. HP: 29/52 MP: 8/8
  4311 | D:4      | Reached skill level 4 in Axes
  4502 | D:5      | Entered Level 5 of the Dungeon
  4666 | D:5      | Noticed an ice beast
  4676 | D:5      | Killed an ice beast
  4676 | D:5      | Reached XP level 7. HP: 32/60 MP: 9/9
  4996 | D:5      | Noticed Ijyb
  4998 | D:5      | Paralysed by Ijyb for 3 turns
  5022 | D:5      | Reached *** piety under Lugonu
  5127 | D:5      | Found a staircase to the Ecumenical Temple.
  5200 | D:5      | Found a bloodstained altar of Trog.
  5608 | D:5      | Paralysed by Ijyb for 2 turns
  5609 | D:5      | Reached skill level 5 in Fighting
  5609 | D:5      | Reached skill level 5 in Axes
  5616 | D:5      | Reached XP level 8. HP: 43/68 MP: 11/11
  5624 | D:5      | Killed Ijyb
  5824 | D:5      | Noticed Pikel
  5845 | D:5      | Killed Pikel
  5845 | D:5      | Reached skill level 5 in Invocations
  6093 | D:6      | Reached skill level 6 in Axes
  6746 | D:7      | Got a transparent leather armour
  6781 | D:7      | Reached XP level 9. HP: 25/75 MP: 13/13
  7016 | D:7      | Found a hide-covered altar of Uskayaw.
  7016 | D:7      | Noticed a dagger
  7018 | D:7      | Noticed a dagger
  7131 | D:7      | Identified the +3 leather armour of the Ladybird {rPois} (You found it on level 7 of the Dungeon)
  7311 | D:7      | Reached **** piety under Lugonu
  7311 | D:7      | Reached skill level 7 in Axes
  7406 | D:7      | Slain by an orc warrior

Skill      XL: |  1  2  3  4  5  6  7  8  9 |
---------------+----------------------------+-----
Axes           | 2 3 4 5 6 7 |  7.1
Armour         | 2 3 4 |  4.2
Fighting       | 4 5 6 |  6.1
Dodging        | 1 2 |  2.9
Invocations    | 3 4 5 6 |  6.0
Throwing       | |  0.5
Evocations     | |  0.1

Action                   |  1- 3 |  4- 6 |  7- 9 || total
-------------------------+-------+-------+-------++-------
Melee: Hand axe          |    85 |   126 |   229 ||   440
       Kick              |    16 |    28 |    54 ||    98
Throw: Javelin           |       |     4 |       ||     4
Invok: Depart the Abyss  |     1 |       |       ||     1
       Bend Space        |       |       |     1 ||     1
Evoke: Wand              |       |       |     1 ||     1
  Use: Scroll            |     4 |     7 |     4 ||    15
  Eat: Chunk             |     2 |     3 |     5 ||    10
       Ration            |       |     1 |     1 ||     2
Armor: Leather armour    |    40 |    76 |   113 ||   229
Dodge: Dodged            |    57 |    66 |   105 ||   228
